AoeStats
← Kakibmb

Black Forest

509974175Analyzed
2v2 RM · 3d ago on Sep 28, 2026· 84m 15s· 4 players
Game mode
Random Map
Map size
Medium (4 player)
Population
200
Speed
Normal
Resources
Standard
Victory
Conquest
Starting age
Dark Age
Ending age
Imperial Age
RankedLock teamsTeams togetherTeam positionsShared explorationLock speedFull tech treeHidden civsTurbo modeCheats
Victory
Defeat
🇫🇷 Romans · France
613
+17
🇨🇦 Teutons · Canada
557
+19
🇬🇧 Franks · United Kingdom
653
-19
🇬🇧 Koreans · United Kingdom
608
-17
crazycris271
0:39 Loom
16:24 Feudal Age
18:56 Wheelbarrow
20:32 Stone Mining
20:32 Gold Mining
23:33 Castle Age
24:31 Town Watch
24:39 Double-Bit Axe
25:05 Caravan
35:19 Imperial Age
35:37 Forging
35:32 Scale Barding Armor
35:18 Fletching
35:29 Scale Mail Armor
37:21 Chivalry
37:33 Husbandry
36:54 Cavalier
38:42 Paladin
41:22 Chain Barding Armor
41:39 Iron Casting
41:50 Bodkin Arrow
42:23 Fortified Wall
42:10 Murder Holes
43:49 Plate Barding Armor
44:15 Blast Furnace
43:31 Chain Mail Armor
43:25 Pikeman
43:26 Man-at-Arms
44:07 Squires
43:52 Gambesons
43:53 Arson
43:35 Light Cavalry
44:10 Halberdier
44:15 Crossbowman
45:10 Long Swordsman
45:16 Elite Skirmisher
47:04 Plate Mail Armor
46:36 Padded Archer Armor
47:27 Ordonnance Companies
48:28 Conscription
48:30 Two-Handed Swordsman
50:01 Elite Throwing Axeman
50:57 Masonry
50:31 Cranequins
50:45 Champion
53:46 Hoardings
54:35 Leather Archer Armor
59:20 Chemistry
58:51 Architecture
60:27 Siege Engineers
63:28 Heavy Mounted Crossbowman
THE TERMiNAT0RR
0:30 Loom
11:59 Feudal Age
13:40 Wheelbarrow
13:26 Double-Bit Axe
25:33 Castle Age
24:36 Forging
24:20 Fletching
26:29 Hand Cart
27:40 Bow Saw
30:02 Horse Collar
31:19 Heavy Plow
34:28 Gold Mining
34:29 Stone Mining
34:37 Stone Mining
34:32 Treadmill Crane
34:58 Pikeman
35:38 Squires
37:12 Iron Casting
36:51 Bodkin Arrow
38:57 Scale Barding Armor
38:52 Scale Mail Armor
42:57 Imperial Age
42:24 Ballistics
42:01 Murder Holes
41:58 Heated Shot
41:54 Elite Skirmisher
42:29 Arson
43:01 Fortified Wall
43:04 Masonry
44:11 Conscription
43:22 Halberdier
45:36 Chemistry
46:04 Elite War Wagon
47:42 Husbandry
47:05 Cavalier
48:26 Caravan
49:52 Two-Man Saw
48:39 Light Cavalry
50:32 Chain Mail Armor
50:18 Town Watch
53:58 Town Patrol
56:30 Heavy Rocket Cart
Zakuuuus
0:27 Loom
16:05 Feudal Age
18:21 Wheelbarrow
17:30 Horse Collar
17:38 Double-Bit Axe
17:46 Stone Mining
17:48 Gold Mining
24:12 Castle Age
26:31 Hand Cart
26:30 Bow Saw
27:29 Gold Shaft Mining
26:57 Heavy Plow
32:03 Fortified Wall
35:15 Imperial Age
38:40 Town Watch
39:00 Caravan
39:52 Crop Rotation
39:51 Town Patrol
39:15 Heavy Scorpion
40:17 Conscription
40:03 Ballistas
39:21 Pikeman
39:22 Man-at-Arms
40:03 Squires
42:11 Comitatenses
41:18 Elite Centurion
41:20 Long Swordsman
41:22 Halberdier
42:20 Forging
42:10 Scale Mail Armor
42:16 Scale Barding Armor
44:20 Iron Casting
44:01 Chain Mail Armor
43:48 Capped Ram
43:53 Legionary
44:58 Chain Barding Armor
45:43 Chemistry
45:04 Ballistics
48:27 Blast Furnace
49:54 Masonry
49:52 Siege Engineers
53:23 Plate Barding Armor
53:24 Architecture
68:19 Siege Ram
Kakibmb
0:28 Loom
15:28 Feudal Age
17:33 Wheelbarrow
16:41 Horse Collar
16:50 Double-Bit Axe
17:22 Stone Mining
17:28 Gold Mining
23:11 Castle Age
24:10 Heavy Plow
24:28 Hand Cart
24:26 Bow Saw
24:55 Stone Shaft Mining
28:24 Fortified Wall
28:25 Masonry
33:23 Imperial Age
32:38 Forging
32:34 Scale Barding Armor
32:30 Scale Mail Armor
32:33 Caravan
35:09 Two-Man Saw
34:45 Crop Rotation
35:31 Chemistry
34:51 Ballistics
36:34 Fletching
36:45 Padded Archer Armor
37:01 Chain Mail Armor
37:22 Iron Casting
37:08 Chain Barding Armor
41:20 Blast Furnace
40:52 Plate Mail Armor
40:18 Bodkin Arrow
40:39 Leather Archer Armor
40:47 Conscription
39:49 Elite Teutonic Knight
40:43 Bloodlines
39:55 Cavalier
40:38 Squires
40:24 Arson
40:02 Pikeman
40:30 Gambesons
40:08 Man-at-Arms
44:32 Crenellations
43:38 Halberdier
43:42 Paladin
44:42 Town Watch
44:55 Heated Shot
45:44 Plate Barding Armor
47:17 Guilds
47:40 Coinage
47:15 Town Patrol
47:56 Hoardings
52:23 Banking
52:31 Ring Archer Armor
51:58 Long Swordsman
53:10 Ironclad
53:46 Siege Engineers
54:03 Bombard Tower
53:31 Arrowslits
53:38 Guard Tower
60:41 Two-Handed Swordsman
62:03 Keep
Connection lost

Rejoining the realm…

Still unreachable

The connection could not be restored.

Session expired

The server has moved on; the page needs a fresh start.